 Dungeon Crawl Stone Soup version 0.24.1-14-gf8d2b509d9 (webtiles) character file.

Game seed: 1171746597335191161, levelgen mode: deterministic

98 Hugehornet the Chopper (level 4, -2/28 HPs)
             Began as a Gargoyle Fighter on May 25, 2020.
             Slain by a bullfrog (6 damage)
             ... on level 2 of the Dungeon.
             The game lasted 00:02:43 (1690 turns).

Hugehornet the Chopper (Gargoyle Fighter)           Turns: 1690, Time: 00:02:44

Health: -2/28      AC: 11    Str: 20    XL:     4   Next: 71%
Magic:  4/4        EV:  7    Int:  9    God:
Gold:   61         SH:  9    Dex:  9    Spells: 3/3 levels left

rFire    . . .     SeeInvis .   a - +0 war axe
rCold    . . .     Gourm    .   c - +0 shield
rNeg     + . .     Faith    .   b - +0 scale mail
rPois    ∞         Spirit   .   (no helmet)
rElec    +         Reflect  .   (no cloak)
rCorr    .         Harm     .   (no gloves)
MR       .....                  i - +0 pair of boots
Stlth    ..........             (no amulet)
HPRegen  0.09/turn              (no ring)
MPRegen  0.09/turn              (no ring)

@: no status effects
A: negative energy resistance 1, electricity resistance, unbreathing,
petrification resistance, rot immunity, AC +3
a: no special abilities


You were on level 2 of the Dungeon.
You were not hungry.

You visited 1 branch of the dungeon, and saw 2 of its levels.

You collected 61 gold pieces.

Inventory:

Hand Weapons
 a - a +0 war axe (weapon)
Armour
 b - a +0 scale mail (worn)
 c - a +0 shield (worn)
 i - a +0 pair of boots (worn)
Jewellery
 l - an uncursed ring of protection from fire {unknown}
Scrolls
 g - a scroll of identify {unknown}
 m - a scroll of fog {unknown}
 n - a scroll of magic mapping {unknown}
Potions
 d - a potion of might
 e - a potion of magic {unknown}
 h - a potion of ambrosia {unknown}
 j - a potion of agility {unknown}
 k - a potion of heal wounds {unknown}
 o - a potion of curing {unknown}
 p - a potion of brilliance {unknown}
Comestibles
 f - 4 rations


   Skills:
 - Level 3.2 Fighting
 + Level 4.3 Axes
 - Level 3.2 Armour
 - Level 3.2 Shields


You had 3 spell levels left.
You didn't know any spells.
Your spell library was empty.

Dungeon Overview and Level Annotations

Branches:
Dungeon (2/15)

Altars:
Fedhas
Trog


Innate Abilities, Weirdness & Mutations

You are resistant to torment.
Your stone body is resilient. (AC +3)
You are immune to poison.
You resist negative energy. (rN+)
You are resistant to electric shocks. (rElec)
You can survive without breathing.
You are immune to petrification.
You are immune to rotting.


Message History

You closely miss the bullfrog.
The bullfrog is almost dead.
The bullfrog barely misses you. You block the bullfrog's attack.
You closely miss the bullfrog.
The bullfrog is almost dead.
You block the bullfrog's attack. The bullfrog hits you.
* * * LOW HITPOINT WARNING * * *
You closely miss the bullfrog.
The bullfrog is almost dead.
The bullfrog hits you but does no damage.
You block the bullfrog's attack.
The bullfrog hits you but does no damage.
You barely miss the bullfrog.
The bullfrog is almost dead.
You block the bullfrog's attack.
The bullfrog hits you but does no damage.
You closely miss the bullfrog.
The bullfrog is almost dead.
The bullfrog barely misses you. The bullfrog hits you.
You die...

##.##..####...†.†......
#.##..................
#.##.#................
#.####................
#.#####.......... ...
#.......... #..........
#.......... #..@!...##
.......#F##.#
.......#g...#
#.............
......#.#..#.##
...........#.#
..$......... # .... ..
.#.


You could see a bullfrog and a goblin.

Vanquished Creatures
  Robin (D:2)
  2 adders (D:2)
  An ooze (D:1)
  A worm (D:2)
  A dart slug (D:2)
  7 bats
  A giant cockroach (D:1)
  12 goblins
  10 hobgoblins
  4 jackals (D:2)
  2 kobolds (D:1)
  3 quokkas (D:2)
  A frilled lizard (D:2)
  8 rats
54 creatures vanquished.

Notes
Turn   | Place    | Note
-------+----------+-------------------------------------------
     0 | D:1      | Hugehornet the Gargoyle Fighter began the quest for the
                  | Orb.
     0 | D:1      | Reached XP level 1. HP: 14/14 MP: 1/1
    44 | D:1      | Reached skill level 2 in Axes
    77 | D:1      | Reached XP level 2. HP: 7/19 MP: 2/2
   523 | D:1      | Reached skill level 3 in Axes
   533 | D:1      | Reached XP level 3. HP: 22/23 MP: 3/3
  1293 | D:2      | Found a bloodstained altar of Trog.
  1354 | D:2      | Noticed Robin
  1366 | D:2      | Killed Robin
  1376 | D:2      | Reached XP level 4. HP: 22/28 MP: 4/4
  1377 | D:2      | Reached skill level 4 in Axes
  1491 | D:2      | Found a blossoming altar of Fedhas.
  1667 | D:2      | Noticed a bullfrog
  1690 | D:2      | Slain by a bullfrog

Levels and vault maps discovered:
D:1:      shiori_arrival_whats_in_store_for_you, layout_basic, serial_rivers,
          chequers_serial_rivers_micro_d, chequers_serial_rivers_micro_b,
          chequers_serial_rivers_marsh, chequers_serial_rivers_micro_c
D:2:      layout_basic, bloody_trog, nicolae_overflow_crystal_walls, uniq_robin

Skill      XL: |  1  2  3  4 |
---------------+-------------+-----
Axes           | 2 3 4 |  4.3
Fighting       | |  3.2
Armour         | |  3.2
Shields        | |  3.2

Action                   |  1- 3 |  4- 6 || total
-------------------------+-------+-------++-------
Melee: War axe           |   103 |    71 ||   174
  Eat: Chunk             |     2 |     1 ||     3
Armor: Scale mail        |    91 |    32 ||   123
Dodge: Dodged            |    56 |    23 ||    79
Block: Shield            |    87 |    50 ||   137
